Map: Blueshift LE

Players

Lambo - Winner!

  • Race: Zerg Zerg
  • League: Grandmaster
  • Spawn Location: 1:00

AqueroN

  • Race: Terran Terran
  • League: Grandmaster
  • Spawn Location: 7:00

VOD

Have the link to the VOD?

Description

Time

  • Played on: Jan. 11, 2019, 1:37 p.m.
  • Length: 7:58
Show
View Real Time Build Order
Export as new Build Order

Lambo Zerg - Winner!

Build Orders: Hatch First 

Get SALT Encoding   

  12  0:01  Drone  
  13  0:14  Overlord  
  13  0:17  Drone  
  14  0:33  Drone x2  
  16  0:47  Hatchery  
  15  0:51  Drone  
  17  0:57  Drone  
  17  1:02  Drone  
  18  1:11  Extractor  
  17  1:15  Spawning Pool  
  17  1:17  Drone  
  17  1:20  Drone  
  18  1:30  Drone  
  19  1:42  Drone  
  20  1:53  Drone  
  21  2:02  Zergling x2  
  21  2:03  Queen x2, Zergling x2  
  27  2:17  Hatchery  
  27  2:19  Overlord  
  26  2:24  Drone  
  26  2:25  Drone  
  28  2:42  Metabolic Boost  
  28  2:43  Queen, Drone  
  31  2:46  Drone  
  31  2:49  Overlord  
  32  2:51  Drone  
  34  2:58  Drone x2  
  34  3:05  Drone  
  36  3:10  Drone  
  36  3:11  Drone  
  38  3:13  Drone  
  38  3:15  Drone  
  38  3:19  Queen  
  42  3:20  Queen  
  44  3:31  Queen  
  44  3:32  Overlord  
  44  3:34  Overlord  
  46  3:41  Drone x2  
  46  3:43  Zergling x4  
  50  3:52  Drone x3  
  50  3:55  Zergling x6  
  55  3:57  Overlord  
  55  4:03  Drone  
  55  4:04  Drone  
  55  4:07  Drone  
  55  4:09  Drone  
  57  4:10  Drone  
  57  4:13  Overlord  
  57  4:15  Drone x2  
  59  4:17  Queen  
  59  4:22  Drone x2  
  63  4:26  Spore Crawler x2  
  63  4:29  Spore Crawler  
  63  4:30  Drone  
  61  4:31  Extractor  
  61  4:32  Extractor, Drone  
  61  4:34  Drone  
  61  4:38  Drone  
  61  4:39  Baneling Nest  
  61  4:40  Drone  
  61  4:42  Drone  
  61  4:45  Drone x2  
  65  4:46  Drone  
  65  4:48  Drone  
  65  4:50  Drone  
  68  4:53  Drone  
  68  4:54  Drone  
  70  5:00  Drone x3  
  70  5:01  Drone  
  74  5:07  Overlord  
  74  5:08  Overlord  
  74  5:09  Overlord  
  74  5:12  Overlord  
  74  5:13  Overlord  
  73  5:16  Evolution Chamber  
  73  5:21  Evolution Chamber  
  71  5:22  Lair  
  71  5:30  Zergling x4  
  71  5:31  Drone x6  
  79  5:37  Drone x4  
  79  5:38  Drone x2  
  79  5:41  Extractor  
  84  5:42  Extractor  
  84  5:48  Drone  
  84  5:51  Zerg Melee Weapons Level 1  
  84  5:54  Hatchery  
  84  5:56  Extractor  
  82  5:58  Zerg Ground Armor Level 1, Drone x2  
  82  5:59  Drone  
  82  6:00  Drone  
  86  6:07  Pneumatized Carapace  
  84  6:11  Drone x2  
  84  6:15  Queen  
  84  6:17  Zergling x10  
  91  6:24  Overseer  
  91  6:29  Spire  
  91  6:30  Drone  
  91  6:31  Drone  
  92  6:33  Zergling x2  
  92  6:34  Zergling x18  
  102  6:42  Zergling x10  
  106  6:51  Zergling x2  
  107  6:58  Drone x6  
  113  7:01  Overlord  
  113  7:02  Overlord  
  113  7:05  Overlord  
  113  7:07  Extractor  
  112  7:09  Overlord  
  112  7:11  Extractor  
  112  7:13  Overlord  
  111  7:17  Overlord  
  111  7:18  Overlord  
  110  7:24  Zergling x8  
  113  7:33  Zergling x20, Baneling x10  
Show
View Real Time Build Order
Export as new Build Order

AqueroN Terran 

Build Orders: Gas First Reaper Expand, Hellion Banshee 

Get SALT Encoding   

  12  0:01  SCV  
  13  0:14  SCV  
  14  0:17  Supply Depot  
  14  0:26  SCV  
  15  0:31  Refinery  
  15  0:39  SCV  
  16  0:44  Barracks  
  16  0:51  SCV  
  17  1:03  SCV  
  18  1:15  SCV  
  19  1:31  Reaper, Orbital Command  
  20  1:42  Command Center  
  20  1:52  Factory  
  20  1:56  SCV  
  21  2:03  Supply Depot  
  21  2:08  Barracks Reactor, SCV  
  21  2:13  Refinery  
  22  2:20  SCV  
  23  2:33  SCV  
  24  2:45  SCV  
  24  2:50  Hellion x2  
  29  2:52  Starport  
  29  2:55  Orbital Command  
  29  2:57  SCV  
  29  2:58  Marine  
  31  3:07  Supply Depot  
  33  3:13  Hellion x2  
  33  3:15  SCV  
  33  3:17  Barracks Tech Lab  
  36  3:27  SCV  
  36  3:31  SCV  
  38  3:37  Supply Depot  
  38  3:39  SCV  
  39  3:42  Cloaking Field, Banshee  
  39  3:44  SCV  
  43  3:49  Hellion  
  43  3:52  Hellion  
  43  3:53  SCV  
  48  3:59  SCV  
  49  4:05  SCV  
  43  4:10  Hellion  
  43  4:11  SCV  
  43  4:13  Hellion  
  46  4:21  Command Center  
  46  4:22  SCV  
  47  4:26  Banshee  
  50  4:32  Barracks Tech Lab  
  50  4:33  SCV  
  50  4:34  Supply Depot  
  50  4:36  SCV  
  52  4:48  SCV  
  52  4:49  SCV  
  52  4:50  Barracks  
  54  4:53  Marine, Stimpack  
  54  4:55  Barracks  
  55  5:01  Engineering Bay  
  55  5:02  Engineering Bay  
  55  5:04  SCV x2  
  57  5:09  Factory Reactor  
  57  5:10  Marine  
  58  5:26  Starport Reactor  
  58  5:28  Marine  
  58  5:32  Terran Infantry Weapons Level 1, Terran Infantry Armor Level 1  
  58  5:33  SCV x2  
  61  5:38  Orbital Command  
  61  5:39  Barracks  
  61  5:40  Refinery  
  61  5:41  Barracks  
  61  5:44  Marine x2  
  61  5:46  Marine  
  61  5:48  SCV x2  
  66  5:51  Marine x2  
  68  6:02  Marine x2, SCV, Supply Depot  
  68  6:03  SCV  
  72  6:04  Marine  
  72  6:09  Marine x2  
  75  6:14  Orbital Command  
  75  6:18  SCV x2  
  77  6:20  Marine x2  
  77  6:22  Marine  
  77  6:24  Siege Tank  
  83  6:26  Marine  
  83  6:27  Marine  
  83  6:30  SCV x2  
  87  6:34  Refinery  
  87  6:37  Marine  
  87  6:38  Marine  
  89  6:40  Marine, SCV  
  89  6:42  SCV x2  
  89  6:43  Armory  
  93  7:00  Supply Depot  
  93  7:01  Supply Depot  
  93  7:04  Supply Depot x2  
  93  7:05  Marine x2, SCV, Supply Depot  
  93  7:21  Marine x3, SCV x2, Siege Tank  
  101  7:23  Marine x2, SCV, Supply Depot, Medivac x2  
  101  7:28  Barracks Reactor x2  
  108  7:33  Barracks x2, Factory, SCV, Supply Depot  
  109  7:39  Marine x2  
Tags
 
Add a new tag
Caveats
  • Supply blocks, unpowered buildings, or Contaminate may cause inaccurate times.
  • Supply counts are checked every 10 seconds.